AoeStats
← roverevor

Arena

509060626Analyzed
1v1 RM · 8d ago on Sep 25, 2026· 34m 14s· 2 players
Game mode
Random Map
Map size
Tiny (2 player)
Population
200
Speed
Normal
Resources
Standard
Victory
Conquest
Starting age
Dark Age
Ending age
Imperial Age
RankedLock teamsTeams togetherTeam positionsShared explorationLock speedFull tech treeHidden civsTurbo modeCheats
Victory
Defeat
🇫🇮 Vikings · Finland
831
+14
🇮🇹 Franks · Italy
795
-25
roverevor
4:05 Loom
10:47 Feudal Age
11:19 Double-Bit Axe
11:16 Horse Collar
19:43 Castle Age
20:34 Bow Saw
20:28 Heavy Plow
20:42 Pikeman
21:26 Squires
21:32 Scale Mail Armor
21:43 Forging
21:22 Town Watch
23:07 Chain Mail Armor
22:46 Fletching
23:04 Town Patrol
23:51 Iron Casting
23:36 Arson
29:59 Bodkin Arrow
31:02 Chieftains
fbassi208
11:43 Feudal Age
16:40 Castle Age
16:03 Double-Bit Axe
20:59 Scale Barding Armor
21:05 Forging
25:12 Husbandry
25:53 Chain Barding Armor
26:09 Iron Casting
Connection lost

Rejoining the realm…

Still unreachable

The connection could not be restored.

Session expired

The server has moved on; the page needs a fresh start.